Map: Automaton LE

Players

Squirrel - Winner!

  • Race: Zerg Zerg
  • League: Silver
  • Spawn Location: 3:00

teach

  • Race: Terran Terran
  • Spawn Location: 9:00

VOD

Have the link to the VOD?

Description

Time

  • Played on: Nov. 25, 2018, 7:36 a.m.
  • Length: 7:05
Show
View Real Time Build Order
Export as new Build Order

Squirrel Zerg - Winner!

Build Orders: Pool First 

Get SALT Encoding   

  12  0:02  Drone  
  13  0:16  Drone  
  13  0:19  Overlord  
  14  0:39  Drone x2  
  16  0:43  Drone  
  17  0:51  Spawning Pool  
  17  0:53  Drone  
  17  1:22  Drone  
  17  1:24  Hatchery  
  17  1:39  Extractor  
  16  1:40  Queen  
  16  1:41  Zergling x6  
  21  2:03  Drone  
  21  2:07  Overlord  
  22  2:38  Drone  
  22  2:40  Drone x2  
  22  2:44  Queen  
  25  2:45  Queen  
  25  2:49  Metabolic Boost  
  29  3:10  Drone  
  30  3:14  Drone x5  
  30  3:15  Drone  
  36  3:26  Roach Warren  
  35  3:31  Drone  
  35  3:33  Overlord x2  
  36  3:35  Overlord  
  36  3:54  Drone  
  37  3:56  Drone  
  37  3:57  Drone  
  37  3:58  Drone x2  
  37  3:59  Drone  
  42  4:16  Drone  
  43  4:23  Drone  
  44  4:30  Drone x3  
  47  4:37  Hatchery  
  46  5:04  Roach  
  46  5:05  Roach x6  
  60  5:09  Overlord x2  
  60  5:23  Lair  
  60  5:27  Extractor  
  59  5:30  Extractor  
  59  5:32  Evolution Chamber  
  59  5:34  Roach x6  
  69  5:37  Drone x2  
  70  6:22  Drone  
  70  6:23  Drone x2  
  74  6:25  Drone x2  
  74  6:26  Drone  
  74  6:27  Drone x3  
Show
View Real Time Build Order
Export as new Build Order

teach Terran 

Build Orders:  

Get SALT Encoding   

  12  0:01  SCV  
  13  0:15  Refinery  
  13  0:18  SCV  
  14  0:30  SCV  
  15  0:45  Supply Depot  
  15  0:46  Refinery  
  15  1:07  SCV  
  16  1:19  SCV  
  16  1:20  Barracks  
  17  1:31  SCV  
  18  1:43  SCV  
  19  1:55  SCV  
  20  2:02  Supply Depot  
  20  2:07  SCV  
  21  2:13  Barracks  
  20  2:44  Factory  
  20  2:51  Engineering Bay  
  20  3:25  Command Center  
  20  3:31  Terran Infantry Weapons Level 1  
  20  3:33  Marine  
  21  3:51  Marine  
  22  3:56  Factory Tech Lab  
  22  4:08  Starport  
  22  4:09  Marine  
  23  4:20  Orbital Command  
  23  4:27  Marine  
  23  4:29  Siege Tank  
  27  4:41  SCV  
  27  4:44  Marine  
  29  4:53  SCV  
  30  5:01  Siege Tank  
  30  5:02  Marine  
  30  5:05  SCV  
  35  5:17  SCV  
  35  5:20  Marine  
  37  5:33  SCV  
  38  5:37  SCV  
  38  5:38  Marine  
  40  5:45  SCV  
  40  5:49  SCV  
  42  5:50  Starport  
  42  5:51  Starport Tech Lab  
  42  5:57  SCV  
  42  6:01  SCV  
  44  6:10  SCV, Armory  
  45  6:13  SCV  
  46  6:36  SCV x2  
  46  6:38  Command Center  
  41  6:42  Supply Depot  
Tags
 
League
Silver
Matchup
TvZ
Opening
Pool First
Spawn Locations
Cross Positions
Add a new tag
Caveats
  • Supply blocks, unpowered buildings, or Contaminate may cause inaccurate times.
  • Supply counts are checked every 10 seconds.